 Dungeon Crawl Stone Soup version 0.28.0-53-g5a82cb258f (webtiles) character file.

Game seed: 12033858066413571420

89 H0rd4k the Charlatan (level 4, -2/33 HPs)
             Began as a Human Artificer on July 6, 2022.
             Slain by an iguana (11 damage)
             ... on level 4 of the Dungeon.
             The game lasted 00:02:41 (3787 turns).

H0rd4k the Charlatan (Human Artificer)              Turns: 3787, Time: 00:02:41

Health: -2/33      AC: 11    Str: 12    XL:     4   Next: 84%
Magic:  4/4        EV: 10    Int: 18    God:
Gold:   140        SH:  0    Dex: 13    Spells: 3/3 levels left

rFire   x . .      SeeInvis .   a - +0 club
rCold   + . .      Faith    .   (no shield)
rNeg    . . .      Spirit   .   o - +1 ring mail of Repulsion {Rampage Will++ Int+4}
rPois   .          Reflect  .   (no helmet)
rElec   .          Harm     .   (no cloak)
rCorr   .          Rampage  +   (no gloves)
Will    ++...                   q - +0 pair of boots
Stlth   +.........              (no amulet)
HPRegen 0.11/turn               p - ring of ice
MPRegen 0.09/turn               v - +4 ring of protection

@: no status effects
A: no striking features
a: no special abilities


You were on level 4 of the Dungeon.
You visited 1 branch of the dungeon, and saw 4 of its levels.

You collected 140 gold pieces.

Inventory:

Hand Weapons
 a - a +0 club (weapon)
Armour
 o - the +1 ring mail of Repulsion (worn) {Rampage Will++ Int+4}
   (You found it on level 2 of the Dungeon)

   Int:       It affects your intelligence (+4).
   Rampage:   It bestows one free step when moving towards enemies.
   Will:      It greatly increases your willpower.
 q - a +0 pair of boots (worn)
Magical Staves
 u - a staff of cold
Jewellery
 p - a ring of ice (left hand)
 v - a +4 ring of protection (right hand)
Wands
 c - a wand of flame (6) (quivered)
 d - a wand of charming (13)
 n - a wand of iceblast (4)
Scrolls
 b - a scroll of holy word {unknown}
 f - 2 scrolls of noise {unknown}
 g - 2 scrolls of amnesia {unknown}
 k - a scroll of fear {unknown}
 l - a scroll of vulnerability {unknown}
 m - 5 scrolls of identify {unknown}
 s - a scroll of fog {unknown}
 w - 3 scrolls of immolation {unknown}
Potions
 h - a potion of magic {unknown}
 i - a potion of heal wounds {unknown}
 j - 4 potions of curing {unknown}
 r - 3 potions of brilliance {unknown}
 t - a potion of cancellation {unknown}
Miscellaneous
 e - a piece from Xom's chessboard (15/15)


   Skills:
 + Level 1.8 Fighting
 + Level 2.1 Maces & Flails
 - Level 2.0 Armour
 + Level 2.0 Dodging
 - Level 1.0 Stealth
 + Level 3.8 Evocations


You had 3 spell levels left.
You didn't know any spells.
Your spell library was empty.

Dungeon Overview and Level Annotations

Branches:
Dungeon (4/15)
 Temple: D:4-7

Altars:
Vehumet

Shops:
D:4 *

Annotations:
D:3 exclusion: statue


Message History

The iguana is lightly wounded.
Unknown command.
Aiming: Throw Flame
Press: ? - help, Shift-Dir - straight line, f/p - iguana
Aim: an iguana (lightly wounded, 75% to hit)
The puff of flame hits the iguana.
The iguana is moderately wounded.
The iguana barely misses you.
Unknown command.
Aiming: Throw Flame
Press: ? - help, Shift-Dir - straight line, f/p - iguana
Aim: an iguana (moderately wounded, 75% to hit)
The puff of flame hits the iguana.
The iguana is heavily wounded.
The iguana bites you!
Unknown command.
Aiming: Throw Flame
Press: ? - help, Shift-Dir - straight line, f/p - iguana
Aim: an iguana (heavily wounded, 75% to hit)
The puff of flame hits the iguana.
The iguana is severely wounded.
The iguana barely misses you.
Unknown command.
You closely miss the iguana.
The iguana is severely wounded.
The iguana bites you.
You completely miss the iguana.
The iguana is severely wounded.
The iguana closely misses you. The iguana bites you.
You hit the iguana but do no damage.
The iguana is severely wounded.
The iguana bites you!
* * * LOW HITPOINT WARNING * * *
Aiming: Throw Flame
Press: ? - help, Shift-Dir - straight line, f/p - iguana
Aim: an iguana (severely wounded, 75% to hit)
The puff of flame hits the iguana but does no damage.
The iguana is severely wounded.
The iguana bites you!
You die...

......# .....#.#
#.... ∩.∩...# #.
#....#.# #....
......# ) #....#.#
#.... ∩.∩.###
.##....#.# ####.
#####
..#....#.########. #
#.#....#.......##. #
#.#....#.......''.
#####
#l#....#.......##.
.....
#@#....#.....#####
.....
###......###########
.....
+....................
.....
#####.....###########
..... ##.##.# .....
#..#.# (.... ##.#.#
##### .#.# g#.#


You could see an iguana.

Vanquished Creatures
  A hound (D:4)
  An adder (D:3)
  An orc (D:4)
  8 ball pythons
  4 endoplasms
  3 giant cockroaches
  5 goblins
  5 hobgoblins
  4 quokkas
  2 bats (D:2)
  4 frilled lizards
  4 kobolds
  A rat (D:1)
43 creatures vanquished.

Vanquished Creatures (collateral kills)
  An endoplasm (D:1)
1 creature vanquished.

Vanquished Creatures (others)
  A hobgoblin (D:1)
  A kobold (D:1)
2 creatures vanquished.

Grand Total: 46 creatures vanquished

Notes
Turn   | Place    | Note
-------+----------+-------------------------------------------
     0 | D:1      | H0rd4k the Human Artificer began the quest for the Orb.
     0 | D:1      | Reached XP level 1. HP: 15/15 MP: 1/1
   513 | D:1      | Reached XP level 2. HP: 4/21 MP: 2/2
   516 | D:1      | HP: 1/21 [rat (3)]
  1396 | D:1      | Reached XP level 3. HP: 17/26 MP: 3/3
  2016 | D:2      | Identified the +1 ring mail of Repulsion {Rampage Will++
                  | Int+4}
  2175 | D:2      | Reached skill level 1 in Maces & Flails
  2218 | D:2      | Found a faded altar of an unknown god.
  3002 | D:3      | Found a radiant altar of Vehumet.
  3002 | D:3      | Noticed a charred statue
  3361 | D:4      | Found Vawas Hor's General Store.
  3481 | D:4      | Reached XP level 4. HP: 31/32 MP: 4/4
  3787 | D:4      | Slain by an iguana

Illustrated notes

Levels and vault maps discovered:
D:1:      ebering_hopf_link, layout_basic
D:2:      layout_rooms, hellmonk_ecumenical_altar_lost_god, minmay_surrounded
D:3:      layout_basic, vehumet_statue, serial_forest,
          infiniplex_forest_clump_small, infiniplex_forest_straight_4,
          infiniplex_forest_zigzag_1, infiniplex_forest_lined_room_,
          infiniplex_forest_end_3, infiniplex_forest_zigzag_1,
          infiniplex_forest_lined_room_3, infiniplex_forest_zigzag_1
D:4:      layout_basic, minmay_temple_entry_proselytizer, serial_shops,
          nicolae_shop_competitors_out_of_business

Skill      XL: |  1  2  3  4 |
---------------+-------------+-----
Maces & Flails | 1 2 |  2.1
Dodging        | 2 |  2.0
Fighting       | |  1.8
Armour         | |  2.0
Stealth        | |  1.0
Evocations     | |  3.8

Action                   |  1- 3 |  4- 6 || total
-------------------------+-------+-------++-------
Melee: Club              |   168 |    35 ||   203
       Punch             |     1 |       ||     1
Evoke: Wand              |     4 |     7 ||    11
 Stab: Distracted        |     1 |       ||     1
       Sleeping          |     1 |       ||     1
Armor: Leather armour    |    32 |       ||    32
       Ring mail         |    37 |     8 ||    45
Dodge: Dodged            |   117 |    24 ||   141
